 Dungeon Crawl Stone Soup version 0.29-a0-911-g88e6f02907 (webtiles) character file.

Game seed: 7435610661513460387

6 Pooter the Firebug (level 1, 0/16 HPs)
             Began as an Ogre Fire Elementalist on July 25, 2022.
             Frozen to death by an endoplasm (1 damage)
             ... on level 1 of the Dungeon.
             The game lasted 00:02:09 (291 turns).

Pooter the Firebug (Ogre Fire Elementalist)          Turns: 291, Time: 00:02:10

Health: 0/16       AC:  3    Str: 11    XL:     1   Next: 90%
Magic:  0/4        EV:  9    Int: 16    God:
Gold:   9          SH:  0    Dex:  9    Spells: 4/5 levels left

rFire   . . .      SeeInvis .   e - +0 club
rCold   . . .      Faith    .   (no shield)
rNeg    . . .      Spirit   .   a - +0 robe
rPois   .          Reflect  .   (helmet restricted)
rElec   .          Harm     .   (no cloak)
rCorr   .          Rampage  .   (gloves unavailable)
Will    .....                   (boots unavailable)
Stlth   +.........              (no amulet)
HPRegen 0.05/turn               (no ring)
MPRegen 0.09/turn               (no ring)

@: no status effects
A: large, unfitting armour, tough skin 1
a: no special abilities


You were on level 1 of the Dungeon.
You visited 1 branch of the dungeon, and saw 1 of its levels.

You collected 9 gold pieces.

Inventory:

Hand Weapons
 e - a +0 club (weapon)
   (You took it off a goblin on level 1 of the Dungeon)
Missiles
 Q - 4 stones
Armour
 a - a +0 robe (worn)
Scrolls
 c - a scroll of immolation {unknown}
 d - a scroll of enchant weapon {unknown}
Potions
 b - a potion of magic


   Skills:
 + Level 1.8 Dodging
 + Level 1.4 Stealth
 + Level 2.5 Spellcasting
 + Level 1.0 Conjurations
 * Level 2.8 Fire Magic


You had 4 spell levels left.
You knew the following spells:

 Your Spells              Type           Power      Damage    Failure   Level
a - Foxfire               Conj/Fire      32%        2x1d5     9%          1

Your spell library contained the following spells:

 Spells                   Type           Power      Damage    Failure   Level
 Scorch                   Fire           22%        2d6       10%         2
 Conjure Flame            Conj/Fire      8%         6-21      26%         3
 Inner Flame              Hex/Fire       6%         N/A       32%         3
 Flame Wave               Conj/Fire      8%         2d5       65%         4


Dungeon Overview and Level Annotations

Branches:
Dungeon (1/15)

Altars:


Innate Abilities, Weirdness & Mutations

You are too large for most types of armour.
You have tough skin. (AC +1)


Message History

You start resting.
You start resting.
A hobgoblin comes into view.
You start resting.
You start waiting.
Done waiting.
As you open the door, it creaks loudly!
There is an open door here.
A rat comes into view.
A ball python comes into view.
A gnoll comes into view. It is wielding a +0 spear.
The gnoll shouts!
You hear an angry hiss. x3
An endoplasm comes into view.
You conjure some foxfire!
The endoplasm quivers.
A ball python comes into view.
The foxfire hits the rat. x2
You kill the rat!
A goblin comes into view. It is wielding a +0 club.
The gnoll closely misses you.
A ball python comes into view.
You conjure some foxfire!
The ball python hisses angrily.
The ball python bites you but does no damage.
The gnoll hits you from afar with a +0 spear.
The foxfire hits the ball python.
You kill the ball python!
The foxfire hits the ball python.
The gnoll misses you.
You conjure some foxfire!
* * * LOW MAGIC WARNING * * *
The ball python closely misses you.
A frilled lizard comes into view.
The foxfire hits the endoplasm.
The gnoll closely misses you.
A dart slug comes into view.
The ball python bites you.
* * * LOW HITPOINT WARNING * * *
Found an orange potion.
The frilled lizard hisses angrily.
The foxfire hits the ball python.
You kill the ball python!
The goblin hits you but does no damage. The gnoll hits you with a +0 spear.
* * * LOW HITPOINT WARNING * * *
You hit the gnoll. The gnoll hits you with a +0 spear.
* * * LOW HITPOINT WARNING * * *
The goblin hits you but does no damage.
Unknown command.
You hit the gnoll. The endoplasm freezes you.
You are frozen.
You die...

....# #...# ..
....######.# ...
........##.# ...
+######.##.# ..# .#
#.##.# #.# ##
.######.##.# #.# .!#
.##.....##.#####.##..##
.##.######......J.....#
.##.############@#.#...
...............wgg#
.##.############S##
.##... #.l ####### #..
#<.# #.#. ##.# #.##
...# ..# ####


You could see a gnoll, a dart slug, an endoplasm, a goblin, a ball python and a
frilled lizard.

Vanquished Creatures
  2 ball pythons (D:1)
  An endoplasm (D:1)
  A goblin (D:1)
  A rat (D:1)
5 creatures vanquished.

Vanquished Creatures (others)
  9 foxfires (D:1)
9 creatures vanquished.

Grand Total: 14 creatures vanquished

Notes
Turn   | Place    | Note
-------+----------+-------------------------------------------
     0 | D:1      | Pooter the Ogre Fire Elementalist began the quest for the
                  | Orb.
     0 | D:1      | Reached XP level 1. HP: 16/16 MP: 3/3
   104 | D:1      | Reached skill level 1 in Conjurations
   291 | D:1      | Frozen to death by an endoplasm

Illustrated notes

Levels and vault maps discovered:
D:1:      onia_arrival_mini_spirals, layout_basic, serial_shops,
          nicolae_shop_advertising_works [nicolae_subvault_shop_adworks],
          nicolae_ecumenical_snake_handling, minmay_split_cup_large

Skill      XL: |  1 |
---------------+----+-----
Conjurations   | 1 |  1.0
Dodging        | |  1.8
Stealth        | |  1.4
Spellcasting   | |  2.5
Fire Magic     | |  2.8

Action                   || total
-------------------------++-------
Melee: Club              ||     2
       Unarmed           ||     2
 Cast: Foxfire           ||     6
Armor: Robe              ||     5
Dodge: Dodged            ||     6

Table legend: (Time is in decaauts)
 A = Elapsed time spent in this place.
 B = Non-inter-level travel time spent in this place.
 C = Inter-level travel time spent in this place.
 D = Time resting spent in this place.
 E = Time spent auto-exploring this place.
 F = Levels seen in this place.
 G = Mean time per level.
                   A        B        C        D        E       F      G
               +--------+--------+--------+--------+--------+-----+--------+
         Total |    290 |    290 |      0 |    166 |     80 |   1 |  290.0 |
       Dungeon |    290 |    290 |      0 |    166 |     80 |   1 |  290.0 |
               +--------+--------+--------+--------+--------+-----+--------+

Top non-repeatable levels by time:
     D:1: 290 daAuts
